 Dungeon Crawl Stone Soup version 0.31-a0-145-g046c7d2549 (webtiles) character file.

Game seed: 18026983048856840549

42 nicknak712 the Grave Robber (level 3, -2/24 HPs)
             Began as a Demonspawn Necromancer on June 5, 2023.
             Slain by a goblin
             ... wielding a +0 dagger
              (4 damage)
             ... on level 2 of the Dungeon.
             The game lasted 00:13:28 (1063 turns).

nicknak712 the Grave Robber (DsNe)                  Turns: 1063, Time: 00:13:29

Health: -2/24      AC:  2    Str:  8    XL:     3   Next: 35%
Magic:  5/6        EV: 12    Int: 18    God:
Gold:   90         SH:  0    Dex: 13    Spells: 5/6 levels left

rFire   . . .        (no weapon)
rCold   . . .        (no shield)
rNeg    . . .        a - +0 robe
rPois   .            (no helmet)
rElec   .            (no cloak)
rCorr   .            (no gloves)
SInv    .            (no boots)
Will    .....        (no amulet)
Stlth   ++           j - ring of wizardry
HPRegen 0.24/turn    (no ring)
MPRegen 0.20/turn

%: wizardry (x1)
@: no status effects
A: claws 1, magic regeneration
a: no special abilities


You were on level 2 of the Dungeon.
You visited 1 branch of the dungeon, and saw 2 of its levels.

You collected 90 gold pieces.

Inventory:

Hand Weapons
 e - a +0 dagger
Missiles
 f - 6 boomerangs
Armour
 a - a +0 robe (worn)
Jewellery
 j - a ring of wizardry (left claw)
Scrolls
 g - 2 scrolls of teleportation {unknown}
 i - a scroll of summoning {unknown}
 l - a scroll of noise {unknown}
Potions
 c - a potion of heal wounds {unknown}
 d - a potion of brilliance {unknown}
 h - a potion of cancellation {unknown}
 k - a potion of enlightenment {unknown}


   Skills:
 + Level 0.3 Short Blades
 * Level 2.5 Dodging
 + Level 2.2 Stealth
 + Level 2.3 Spellcasting
 + Level 4.6 Necromancy


You had 5 spell levels left.
You knew the following spells:

 Your Spells              Type           Power      Damage    Failure   Level
a - Necrotise             Necr           72%        1d7       1%          1

Your spell library contained the following spells:

 Spells                   Type           Power      Damage    Failure   Level
 Vampiric Draining        Necr           18%        2d7       3%          3
 Animate Dead             Necr           18%        N/A       11%         4
 Agony                    Necr           18%        N/A       26%         5
 Borgnjor's Vile Clutch   Necr/Erth      5%         N/A       56%         5
 Alistair's Intoxication  Tmut/Pois      1%         N/A       86%         5
 Eringya's Noxious Bog    Tmut/Pois      1%         N/A       100%        6


Dungeon Overview and Level Annotations

Branches:
Dungeon (2/15)

Altars:

Annotations:
D:1 1 runed translucent door


Innate Abilities, Weirdness & Mutations

You have sharp fingernails.
You regenerate magic rapidly.


Message History

The goblin barely misses you.
You barely miss the goblin.
The goblin is severely wounded.
Your goblin skeleton barely misses the hobgoblin.
The hobgoblin closely misses you. The goblin hits you with a +0 dagger.
The goblin closely misses you.
Your goblin skeleton hits the hobgoblin but does no damage.
You closely miss the goblin.
The goblin is heavily wounded.
The hobgoblin misses you. The goblin hits you with a +0 club.
* * * LOW HITPOINT WARNING * * *
The goblin hits you but does no damage.
Your goblin skeleton hits the hobgoblin but does no damage.
Your goblin skeleton misses the hobgoblin.
Magic courses through your body. The hobgoblin barely misses you.
The goblin barely misses you. The goblin hits you with a +0 dagger.
* * * LOW HITPOINT WARNING * * *
Your goblin skeleton hits the hobgoblin but does no damage.
Casting: Necrotise (safe; 1% risk of failure)
Confirm with . or Enter, or press ? or * to list all spells.
Aiming: Necrotise (safe; 1% risk of failure)
Press: ? - help, Shift-Dir - straight line, f - goblin
Aim: a goblin, wielding a +0 club (heavily wounded, chance to affect: 88%)
The goblin barely resists.
Your goblin skeleton hits the hobgoblin.
The goblin hits you with a +0 club.
* * * LOW HITPOINT WARNING * * *
The hobgoblin closely misses you. The goblin misses you.
Casting: Necrotise (safe; 1% risk of failure)
Confirm with . or Enter, or press ? or * to list all spells.
Aiming: Necrotise (safe; 1% risk of failure)
Press: ? - help, Shift-Dir - straight line, f/p - goblin
Aim: a goblin, wielding a +0 club (heavily wounded, chance to affect: 88%)
The goblin writhes in agony.
You kill the goblin!
The dead are walking!
Your goblin skeleton hits the hobgoblin but does no damage.
Your goblin skeleton closely misses the hobgoblin.
The hobgoblin closely misses you. The goblin hits you with a +0 dagger.
You die...

. 8.8.8.8...?...# .
..............# #
.........=..>.# # #(.
..............### ...
................. #.#
......)().....# #.#
8.8.8.8.)ZZ...# #.####
#####.)gg...# ###.##)#
#.....@Z...#
.##.##.####.##..######
............##.....
.#####.)........####
........######.##
.######.Z......# .#
########## .# .#


You could see a hobgoblin (ally target), a goblin (ally target) and 3 friendly
goblin skeletons.

Vanquished Creatures
  An adder (D:2)
  An endoplasm (D:1)
  2 giant cockroaches (D:1)
  A hobgoblin (D:2)
  3 jackals (D:1)
  4 kobolds
  3 quokkas
  2 ball pythons
  2 bats (D:1)
  3 frilled lizards
  6 goblins
  A rat (D:1)
29 creatures vanquished.

Vanquished Creatures (collateral kills)
  A goblin (D:2)
  2 frilled lizards
3 creatures vanquished.

Grand Total: 32 creatures vanquished

Notes
Turn   | Place    | Note
-------+----------+-------------------------------------------
     0 | D:1      | nicknak712 the Demonspawn Necromancer began the quest for
                  | the Orb.
     0 | D:1      | Reached XP level 1. HP: 13/13 MP: 3/3
     0 | D:1      | Noticed a jelly
     5 | D:1      | Found a runed translucent door.
   380 | D:1      | Gained mutation: You regenerate magic rapidly. [demonic
                  | ancestry]
   380 | D:1      | Reached XP level 2. HP: 10/19 MP: 1/5
   745 | D:1      | Found a faded altar of an unknown god.
   940 | D:2      | Gained mutation: You have sharp fingernails. [demonic
                  | ancestry]
   940 | D:2      | Reached XP level 3. HP: 23/24 MP: 1/6
  1063 | D:2      | Slain by a goblin

Illustrated notes

Levels and vault maps discovered:
D:1:      dpeg_arrival_caged_fury, layout_rooms,
          hellmonk_ecumenical_altar_zigzags, serial_corexii_hall,
          corexii_hall_statues_l, chequers_hall_statues_y,
          corexii_hall_statues_x, nrook_campfire, amcnicky_mini_pool_small
D:2:      kennysheep_the_goblin_king, layout_loops_ring, minmay_3d_cube

Skill      XL: |  1 |
---------------+----+-----
Dodging        | 2 |  2.5
Stealth        | 2 |  2.2
Short Blades   | |  0.3
Spellcasting   | |  2.3
Necromancy     | |  4.6

Action                     || total
---------------------------++-------
  Melee: Dagger            ||    20
         Unarmed           ||    21
         Punch             ||     1
   Cast: Necrotise         ||    43
    Use: Potion            ||     1
   Stab: Distracted        ||     2
 Armour: Robe              ||     8
  Dodge: Dodged            ||    55

Table legend: (Time is in decaauts)
 A = Elapsed time spent in this place.
 B = Non-inter-level travel time spent in this place.
 C = Inter-level travel time spent in this place.
 D = Time resting spent in this place.
 E = Time spent auto-exploring this place.
 F = Levels seen in this place.
 G = Mean time per level.
                   A        B        C        D        E       F      G
               +--------+--------+--------+--------+--------+-----+--------+
         Total |   1060 |   1052 |      8 |    175 |    523 |   2 |  530.0 |
       Dungeon |   1060 |   1052 |      8 |    175 |    523 |   2 |  530.0 |
               +--------+--------+--------+--------+--------+-----+--------+

Top non-repeatable levels by time:
     D:1: 828 daAuts
     D:2: 232 daAuts
